 Dungeon Crawl Stone Soup version 0.21.1-1-g345015f (webtiles) character file.

15501 inc the Destroyer (level 12, -5/66 HPs)
             Began as an Octopode Earth Elementalist on Apr 21, 2018.
             Was an Initiate of Gozag.
             Splashed by a brown ugly thing's acid (9 damage)
             ... on level 11 of the Dungeon.
             The game lasted 00:26:35 (14327 turns).

inc the Destroyer (Octopode Earth Elementalist)    Turns: 14327, Time: 00:26:35

Health: -5/66      AC:  4    Str: 11    XL:     12   Next: 27%
Magic:  12/36      EV: 19    Int: 22    God:    Gozag
Gold:   589        SH:  0    Dex: 19    Spells: 29/33 levels left

rFire    . . .     SeeInvis +   W - staff of conjuration (curse)
rCold    . . .     Gourm    .   (no shield)
rNeg     + . .     Faith    .   (helmet restricted)
rPois    +         Spirit   .   v - amulet of regeneration
rElec    .         Reflect  .   u - +3 ring of protection
rCorr    .         Harm     .   F - ring of magical power
MR       +....                  H - ring of positive energy
Stlth    +++++.....             L - ring of wizardry
HPRegen  1.01/turn              O - +3 ring of strength
MPRegen  0.25/turn              (no ring)
                                N - ring of Ujuifeh {+Fly MR+}
                                (no ring)

@: agile
A: almost no armour, stealthy swim, amphibious, 8 rings, constrict 8, camouflage
1, see invisible, agile 1, poison resistance, regeneration 1, gelatinous body 1
a: Potion Petition, Call Merchant, Bribe Branch, Renounce Religion, Evoke Flight


You were on level 11 of the Dungeon.
You worshipped Gozag.
Gozag was pleased with you.
You were not hungry.

You visited 2 branches of the dungeon, and saw 12 of its levels.

You collected 2269 gold pieces.
You spent 495 gold pieces at shops.
You paid 1185 gold pieces to Gozag.

Inventory:

Hand Weapons
 a - a +2 dagger of venom
 g - a +0 dagger of freezing
 r - a +2 dagger of freezing
Missiles
 P - 40 stones (quivered)
Magical Staves
 V - an uncursed staff of fire
 W - a cursed staff of conjuration (weapon)
Jewellery
 i - an uncursed ring of ice
 p - the ring "Isept" {+Fly rC- Str+5}
   (You bought it in a shop on level 8 of the Dungeon)

   [ring of flight]

   It affects your strength (+5).
   It makes you vulnerable to cold.
   It lets you fly.
 u - a +3 ring of protection (left tentacle)
 v - an amulet of regeneration (around mantle)
 F - a ring of magical power (right tentacle)
 H - a ring of positive energy (on tentacle)
 L - a ring of wizardry (on tentacle)
 M - the ring of the Heron {Fire MR+ Str+5 Int-3 Dex+4}
   (You bought it in a shop on level 8 of the Dungeon)

   [ring of fire]

   It enhances your fire magic.
   It affects your strength (+5).
   It affects your intelligence (-3).
   It affects your dexterity (+4).
   It protects you from fire.
   It makes you vulnerable to cold.
   It affects your resistance to hostile enchantments.
 N - the ring of Ujuifeh (on tentacle) {+Fly MR+}
   (You bought it in a shop on level 8 of the Dungeon)

   [ring of flight]

   It affects your resistance to hostile enchantments.
   It lets you fly.
 O - a +3 ring of strength (on tentacle)
 Q - an uncursed ring of fire
Wands
 m - a wand of polymorph (14)
 o - a wand of paralysis (28)
 s - a wand of digging (15)
 z - a wand of flame (27)
 D - a wand of iceblast (8)
 S - a wand of clouds (4)
Scrolls
 b - a scroll of blinking {unknown}
 e - 2 scrolls of immolation {unknown}
 k - a scroll of fear {unknown}
 l - 2 scrolls of amnesia {unknown}
 t - 3 scrolls of remove curse {unknown}
 x - 2 scrolls of magic mapping {unknown}
 y - a scroll of enchant armour {unknown}
 C - 4 scrolls of teleportation {unknown}
 I - 2 scrolls of noise {unknown}
 J - a scroll of enchant weapon {unknown}
 R - a scroll of fog {unknown}
 U - 2 scrolls of identify
Potions
 f - 4 potions of curing
 h - a potion of brilliance {unknown}
 j - a potion of mutation
 n - a potion of flight
 q - a potion of magic
 w - 3 potions of resistance
 A - a potion of cancellation
 G - a potion of haste {unknown}
 K - a potion of might {unknown}
 T - a potion of ambrosia {unknown}
Books
 d - a book of Geomancy

   Spells                             Type                      Level
   a - Sandblast                      Earth                        1
   b - Passwall                       Transmutation/Earth          2
   c - Stone Arrow                    Conjuration/Earth            3
   d - Petrify                        Transmutation/Earth          4
   e - Lee's Rapid Deconstruction     Earth                        5
 B - a book of Minor Magic

   Spells                             Type                      Level
   a - Magic Dart                     Conjuration                  1
   b - Blink                          Translocation                2
   c - Call Imp                       Summoning                    2
   d - Slow                           Hexes                        2
   e - Conjure Flame                  Conjuration/Fire             3
   f - Mephitic Cloud                 Conjuration/Poison/Air       3
Comestibles
 c - 13 rations


   Skills:
 - Level 2.0 Dodging
 - Level 5.8 Stealth
 + Level 11.2 Spellcasting
 - Level 11.6 Conjurations
   Level 1.0 Transmutations
 - Level 10.0 Earth Magic


You had 29 spell levels left.
You knew the following spells:

 Your Spells              Type           Power        Failure   Level  Hunger
a - Sandblast             Erth           ######       1%          1    None
b - Stone Arrow           Conj/Erth      ######       1%          3    None


Dungeon Overview and Level Annotations

Branches:
Dungeon (11/15)            Temple (1/1) D:4            Lair (0/6) D:9
    Orc (0/2) D:10

Altars:
Ashenzari
Cheibriados
Dithmenos
Elyvilon
Fedhas
Gozag
Hepliaklqana
Kikubaaqudgha
Makhleb
Nemelex Xobeh
Okawaru
Qazlal
Ru
Sif Muna
Trog
Uskayaw
Vehumet
Wu Jian
Xom
Yredelemnul
Zin
The Shining One

Shops:
D:8 *   D:10 ?


Innate Abilities, Weirdness & Mutations

You cannot wear most types of armour.
You are very stealthy in the water. (Stealth+)
You are amphibious.
You can wear up to eight rings at the same time.
You can use your tentacles to constrict eight enemies at once.
Your skin changes colour to match your surroundings (Stealth+).
Your rubbery body absorbs attacks. (AC +1, EV +1)
You have supernaturally acute eyesight. (SInv)
You are agile. (Dex +2)
Your system is resistant to poisons. (rPois)
Your natural rate of healing is unusually fast.


Message History

Casting: Stone Arrow
Confirm with . or Enter, or press ? or * to list all spells.
Aiming: Stone Arrow
Press: ? - help, Shift-Dir - straight line, f/p - brown ugly thing
Aim: a brown ugly thing (moderately wounded)
You feel a surge of power!
The stone arrow hits the brown ugly thing.
The brown ugly thing is heavily wounded.
The yak bellows!
The yak is no longer distracted by gold.
The brown ugly thing engulfs you!
You are splashed with acid!
The acid burns!
* * * LOW HITPOINT WARNING * * *
Okay, then.
Okay, then.
You feel agile all of a sudden. The brown ugly thing engulfs you!
* * * LOW HITPOINT WARNING * * *
You are splashed with acid!
The acid burns!
You die...
Your body crumbles into a pile of gold.

....#...............#.# #...#.
....#...............#.# #...#.
#...#...............#.# #...#.
#Y..#.......[...)...#.# #...#(
#...############....#.# #...#'
#.Y............#....'.# #....(
#Y.............#....'.# #.....
..............Y#....#.# #.....
..........$o.Hou@...#.# #.....
.##########Y##.##'###.######.....
.# oY #................... .# .o.
#................... .# ...
#................... .# ..
#................... .# .
#................... .#
#................... ..
...................


You could see a brown ugly thing, a hippogriff, 2 yaks, an orc warrior and an
orc wizard.

Vanquished Creatures
  A hydra (D:11)
  4 two-headed ogres
  Pikel (D:9)
  An ugly thing (D:11)
  A manticore (D:10)
  A cyclops (D:11)
  2 centaur zombies (D:10)
  Joseph (D:7)
  A troll (D:11)
  3 hornets
  Prince Ribbit (D:5)
  4 hippogriffs
  A spriggan (D:9)
  A wyvern (D:9)
  A wraith (D:8)
  14 yaks
  A soldier ant (D:11)
  A water moccasin (D:8)
  A phantom (D:7)
  3 ice beasts
  2 orc warriors
  2 slaves (D:9)
  3 sky beasts
  5 necrophages
  6 ogres
  6 centaurs
  6 bullfrogs
  A big kobold (D:9)
  Blork the orc (D:5)
  2 wyvern zombies
  5 scorpions
  6 killer bees (D:7)
  3 wights (D:11)
  A howler monkey (D:6)
  3 crimson imps
  A quasit (D:10)
  6 hounds
  3 human zombies (D:8)
  Crazy Yiuf (D:5)
  4 orc priests
  A bullfrog skeleton (D:9)
  4 jellies
  4 centaur skeletons (D:5)
  A human skeleton (D:8)
  13 worker ants
  2 iguanas
  5 orc wizards
  2 killer bee zombies
  A hound zombie (D:9)
  A hound skeleton (D:4)
  3 mummies (D:8)
  Robin (D:3)
  4 gnolls (D:2)
  13 adders
  4 shadow imps
  2 oozes
  An adder zombie (D:5)
  6 worms
  3 dart slugs
  3 leopard geckos
  28 orcs
  3 bats (D:2)
  5 giant cockroaches
  12 goblins
  4 hobgoblins
  12 jackals
  12 kobolds
  4 quokkas
  A ball python (D:1)
  2 frilled lizards
  A leopard gecko skeleton (D:5)
  A leopard gecko zombie (D:5)
  13 rats
283 creatures vanquished.

Notes
Turn   | Place    | Note
-------+----------+-------------------------------------------
     0 | D:1      | inc the Octopode Earth Elementalist began the quest for the Orb.
     0 | D:1      | Reached XP level 1. HP: 11/11 MP: 3/3
   383 | D:1      | Reached XP level 2. HP: 17/17 MP: 3/5
  1244 | D:2      | Reached XP level 3. HP: 15/21 MP: 6/6
  1671 | D:2      | Reached XP level 4. HP: 27/27 MP: 3/7
  2320 | D:2      | Found a shadowy altar of Dithmenos.
  2525 | D:2      | Reached XP level 5. HP: 19/31 MP: 10/10
  2928 | D:3      | Found a hazy altar of Hepliaklqana.
  3399 | D:3      | Noticed Robin
  3412 | D:3      | Killed Robin
  3649 | D:3      | Found a sparkling altar of Nemelex Xobeh.
  3972 | D:3      | Found a basalt altar of Yredelemnul.
  3973 | D:3      | Found a shattered altar of Ashenzari.
  4125 | D:4      | Reached XP level 6. HP: 32/36 MP: 12/12
  4337 | D:4      | Found a staircase to the Ecumenical Temple.
  4354 | Temple   | Entered the Ecumenical Temple
  4409 | Temple   | Became a worshipper of Gozag Ym Sagoz the Greedy
  4699 | D:4      | Reached skill level 5 in Spellcasting
  5515 | D:5      | Entered Level 5 of the Dungeon
  5755 | D:5      | Noticed Blork the orc
  5782 | D:5      | Reached XP level 7. HP: 32/41 MP: 14/16
  6130 | D:5      | Learned a level 3 spell: Stone Arrow
  6333 | D:5      | Killed Blork the orc
  6398 | D:5      | Reached XP level 8. HP: 46/46 MP: 14/19
  6412 | D:5      | Noticed Prince Ribbit
  6415 | D:5      | Killed Prince Ribbit
  6607 | D:5      | Found a runed door.
  6886 | D:5      | Noticed Crazy Yiuf
  6892 | D:5      | Killed Crazy Yiuf
  7068 | D:6      | Found an opulent altar of Gozag.
  7123 | D:6      | Reached skill level 5 in Stealth
  7325 | D:6      | Found a shimmering altar of Xom.
  7717 | D:7      | Noticed Joseph
  7737 | D:7      | Killed Joseph
  7737 | D:7      | Reached XP level 9. HP: 18/51 MP: 22/22
  7751 | D:7      | Noticed a hornet
  7759 | D:7      | Killed a hornet
  7759 | D:7      | Reached skill level 5 in Conjurations
  7898 | D:7      | Noticed a two-headed ogre
  7910 | D:7      | Found a blossoming altar of Fedhas.
  7921 | D:7      | Killed a two-headed ogre
  8142 | D:7      | Reached XP level 10. HP: 31/56 MP: 23/23
  8143 | D:7      | Reached skill level 5 in Earth Magic
  8744 | D:7      | Found an ornate altar of the Wu Jian Council.
  9364 | D:8      | Noticed a two-headed ogre
  9369 | D:8      | Killed a two-headed ogre
  9564 | D:8      | Found a white marble altar of Elyvilon.
  9571 | D:8      | Reached skill level 10 in Conjurations
  9987 | D:8      | Reached XP level 11. HP: 46/58 MP: 24/24
  9997 | D:8      | Found an ancient bone altar of Kikubaaqudgha.
 10192 | D:8      | Bought a pitted bronze ring for 165 gold pieces
 10192 | D:8      | Bought a faintly glowing bone ring for 165 gold pieces
 10192 | D:8      | Bought a clouded steel ring for 165 gold pieces
 10194 | D:8      | Identified the ring "Isept" {+Fly rC- Str+5} (You bought it in a shop on level 8 of the Dungeon)
 10195 | D:8      | Identified the ring of the Heron {Fire MR+ Str+5 Int-3 Dex+4} (You bought it in a shop on level 8 of the Dungeon)
 10196 | D:8      | Identified the ring of Ujuifeh {+Fly MR+} (You bought it in a shop on level 8 of the Dungeon)
 10750 | D:9      | Noticed Pikel
 10754 | D:9      | Killed Pikel
 10926 | D:9      | Found a snail-covered altar of Cheibriados.
 10966 | D:9      | Noticed a two-headed ogre
 11013 | D:8      | Killed a two-headed ogre
 11280 | D:9      | Found a staircase to the Lair.
 11366 | D:10     | Entered Level 10 of the Dungeon
 12020 | D:10     | Noticed a manticore
 12024 | D:10     | Killed a manticore
 12024 | D:10     | Reached skill level 10 in Earth Magic
 12669 | D:10     | Found a staircase to the Orcish Mines.
 12780 | D:10     | Paralysed by a hornet for 3 turns
 13383 | D:11     | Reached skill level 10 in Spellcasting
 13465 | D:11     | Reached XP level 12. HP: 66/66 MP: 26/26
 13603 | D:11     | Noticed a two-headed ogre
 13612 | D:11     | Killed a two-headed ogre
 14116 | D:11     | Noticed a four-headed hydra
 14124 | D:11     | Killed a four-headed hydra
 14188 | D:11     | Gained mutation: Your system is resistant to poisons. (rPois) [potion of mutation]
 14188 | D:11     | Gained mutation: You have supernaturally acute eyesight. (SInv) [potion of mutation]
 14188 | D:11     | Gained mutation: Your natural rate of healing is unusually fast. [potion of mutation]
 14188 | D:11     | Gained mutation: You are agile. (Dex +2) [potion of mutation]
 14327 | D:11     | Splashed by a brown ugly thing's acid

Skill      XL: |  1  2  3  4  5  6  7  8  9 10 11 12 |
---------------+-------------------------------------+-----
Earth Magic    | 4 8 10 | 10.0
Spellcasting   | 3 4 6 7 9 10 11 | 11.2
Stealth        | 5 |  5.8
Conjurations   | 3 8 10 11 | 11.6
Dodging        | |  2.0
Transmutations | |  1.0

Action                   |  1- 3 |  4- 6 |  7- 9 | 10-12 || total
-------------------------+-------+-------+-------+-------++-------
Melee: Dagger            |    50 |   128 |    39 |    90 ||   307
       Constrict         |    16 |    26 |     6 |     8 ||    56
       Unarmed           |     1 |       |       |       ||     1
       Tentacles         |     8 |    19 |     2 |    13 ||    42
 Cast: Sandblast         |     9 |    42 |   132 |    27 ||   210
       Stone Arrow       |       |       |     5 |   247 ||   252
Invok: Call Merchant     |       |       |       |     2 ||     2
  Use: Scroll            |       |     2 |     3 |     4 ||     9
       Potion            |       |     1 |     4 |     5 ||    10
 Stab: Sleeping          |     3 |    13 |     3 |    13 ||    32
       Distracted        |     1 |       |     1 |     1 ||     3
       Invisible         |       |       |       |     2 ||     2
  Eat: Chunk             |     2 |     9 |       |       ||    11
       Ration            |       |     2 |     2 |     6 ||    10
Armor: Skin              |     5 |     3 |    51 |    19 ||    78
Dodge: Dodged            |    25 |    71 |    44 |   111 ||   251
